 Dungeon Sprint DCSS version 0.21.0-3-g78d12a8 (webtiles) character file.

59744 nuthulu the Marksgnoll (level 14, -7/125 HPs)
             Began as a Gnoll Fighter on Jan 11, 2018.
             Was the Champion of Makhleb.
             Killed by a guardian mummy's death curse (12 damage)
             ... in the Dungeon (Sprint V: "Ziggurat Sprint").
             The game lasted 00:14:22 (1381 turns).

nuthulu the Marksgnoll (Gnoll Fighter)              Turns: 1381, Time: 00:14:23

Health: -7/125     AC: 41    Str: 26    XL:     14   Next: 96%
Magic:  32/32      EV: 17    Int: 13    God:    Makhleb [******]
Gold:   0          SH: 37    Dex: 31    Spells: 42/42 levels left

rFire    + + .     SeeInvis +   F - +14 obsidian axe {chop, +Fly SInv *Curse} (curse)
rCold    + . .     Gourm    .   H - +18 shield of the Gong {rElec rN+ MR+ EV-5}
rNeg     + . .     Faith    .   G - +15 Maxwell's patent armour {-Cast -Tele rElec MR+ rCorr}
rPois    +         Spirit   .   Z - +2 helmet of the Teacher {rElec Str+4 Dex+9 Stlth-}
rElec    +         Reflect  +   M - +1 cloak {rPois}
rCorr    +         Harm     .   (no gloves)
MR       +++..     NoTele   +   V - +1 pair of boots {Fly} Stlth ++........NoCast +
                                S - amulet "Guush" {Reflect rF+ rC+ Slay+3 SH+2}
HPRegen  0.30/turn              Q - ring "Qusoatig" {rPois rF+ Str+6}
MPRegen  0.23/turn              A - +6 ring of dexterity

@: flying, mesmerised, studying 2 skills
A: distributed training, fangs 1, weak 2, strong nose
a: Minor Destruction, Lesser Servant of Makhleb, Major Destruction, Greater
Servant of Makhleb, Renounce Religion, Stop Flying


You were in the Dungeon.
You worshipped Makhleb.
Makhleb was exalted by your worship.
You were not hungry.

You visited 1 branch

Inventory:

Hand Weapons
 a - a +0 war axe
 F - the cursed +14 obsidian axe (weapon) {chop, +Fly SInv *Curse}
   (You found it in the Dungeon)

   It inflicts extra damage upon your enemies.
   It lets you see invisible.
   It lets you fly.
   It curses itself when equipped.
   It has a curse placed upon it.
Armour
 G - the +15 Maxwell's patent armour (worn) {-Cast -Tele rElec MR+ rCorr}
   (You found it in the Dungeon)

   It insulates you from electricity.
   It affects your resistance to hostile enchantments.
   It prevents spellcasting.
   It prevents most forms of teleportation.
   It protects you from acid and corrosion.
 H - the +18 shield of the Gong (worn) {rElec rN+ MR+ EV-5}
   (You found it in the Dungeon)

   It affects your evasion (-5).
   It insulates you from electricity.
   It protects you from negative energy.
   It affects your resistance to hostile enchantments.
 M - a +1 cloak of poison resistance (worn)
 V - a +1 pair of boots of flying (worn)
 Z - the +2 helmet of the Teacher (worn) {rElec Str+4 Dex+9 Stlth-}
   (You found it in the Dungeon)

   It affects your strength (+4).
   It affects your dexterity (+9).
   It insulates you from electricity.
   It makes you less stealthy.
Jewellery
 b - an uncursed amulet of magic regeneration
 c - the ring "Faly" {rF+ rC+}
   (You found it in the Dungeon)

   [ring of protection from fire]

   It protects you from fire.
   It protects you from cold.
 o - an uncursed ring of ice
 z - a +6 ring of dexterity
 A - a +6 ring of dexterity (right hand)
 B - a +6 ring of intelligence
 C - a +6 ring of intelligence
 D - a +6 ring of strength
 E - a +6 ring of strength
 J - the ring "Xanliskebb" {+Inv +Fly rC- MR++ Str+4}
   (You found it in the Dungeon)

   [ring of flight]

   It affects your strength (+4).
   It makes you vulnerable to cold.
   It affects your resistance to hostile enchantments.
   It lets you turn invisible.
   It lets you fly.
 L - the ring "Lyfoylu" {+Fly rPois Str+3}
   (You found it in the Dungeon)

   [ring of flight]

   It affects your strength (+3).
   It protects you from poison.
   It lets you fly.
 N - an uncursed ring of fire
 O - the ring "Fiddid" {rF+ Int+4}
   (You found it in the Dungeon)

   [ring of protection from fire]

   It affects your intelligence (+4).
   It protects you from fire.
 P - an uncursed ring of wizardry
 Q - the ring "Qusoatig" (left hand) {rPois rF+ Str+6}
   (You found it in the Dungeon)

   [ring of strength]

   It affects your strength (+6).
   It protects you from fire.
   It protects you from poison.
 R - an uncursed ring of protection from fire
 S - the amulet "Guush" (around neck) {Reflect rF+ rC+ Slay+3 SH+2}
   (You found it in the Dungeon)

   [amulet of reflection]

   It shields you and reflects attacks.
   It affects your accuracy and damage with ranged weapons and melee attacks
   (+3).
   It protects you from fire.
   It protects you from cold.
   It affects your SH (+2).
 T - the ring "Zuymmes" {+Fly rF+ rC+ Int-4}
   (You found it in the Dungeon)

   [ring of flight]

   It affects your intelligence (-4).
   It protects you from fire.
   It protects you from cold.
   It lets you fly.
 X - the cursed ring of Oqikew {*Contam rN+ Str+6 Dex-3}
   (You found it in the Dungeon)

   [ring of dexterity]

   It affects your strength (+6).
   It affects your dexterity (-3).
   It protects you from negative energy.
   It causes magical contamination when unequipped.
   It has a curse placed upon it.
 Y - the cursed ring of Coronation {Str-4 Dex+3}
   (You found it in the Dungeon)

   [ring of strength]

   It affects your strength (-4).
   It affects your dexterity (+3).
   It has a curse placed upon it.
Wands
 w - a wand of disintegration (7)
 x - a wand of iceblast (7)
 y - a wand of acid (7)
Scrolls
 k - 4 scrolls of blinking
 q - 4 scrolls of amnesia
 r - 7 scrolls of fog
 t - 5 scrolls of identify
 u - 5 scrolls of remove curse
 v - 2 scrolls of fear
 I - a scroll of brand weapon
 K - 4 scrolls of enchant weapon
Potions
 d - 6 potions of might
 e - 9 potions of curing
 g - 7 potions of heal wounds
 h - 5 potions of haste
 i - 7 potions of magic
 j - 3 potions of berserk rage
 l - 2 potions of brilliance
 m - a potion of invisibility
 n - 4 potions of resistance
 p - 5 potions of agility
Books
 U - a manual of Bows
 W - a manual of Long Blades
Comestibles
 f - 6 rations


   Skills:
 + Level 16.0 Fighting
 + Level 14.9 Short Blades
 + Level 15.5 Long Blades
 + Level 15.5 Axes
 + Level 14.9 Maces & Flails
 + Level 14.9 Polearms
 + Level 14.9 Staves
 + Level 14.9 Slings
 + Level 16.1 Bows
 + Level 14.9 Crossbows
 + Level 14.9 Throwing
 + Level 16.0 Armour
 + Level 14.9 Dodging
 + Level 14.9 Stealth
 + Level 16.0 Shields
 + Level 14.9 Unarmed Combat
 + Level 14.9 Spellcasting
 + Level 12.9 Conjurations
 + Level 12.9 Hexes
 + Level 12.9 Charms
 + Level 12.9 Summonings
 + Level 12.9 Necromancy
 + Level 12.9 Translocations
 + Level 12.9 Transmutations
 + Level 12.9 Fire Magic
 + Level 12.9 Ice Magic
 + Level 12.9 Air Magic
 + Level 12.9 Earth Magic
 + Level 12.9 Poison Magic
 + Level 16.1 Invocations
 + Level 14.9 Evocations


You had 42 spell levels left.
You didn't know any spells.

Dungeon Overview and Level Annotations

Branches:
Dungeon (1/1)

Altars:
Ashenzari
Cheibriados
Dithmenos
Elyvilon
Fedhas
Gozag
Hepliaklqana
Kikubaaqudgha
Makhleb
Nemelex Xobeh
Okawaru
Qazlal
Ru
Sif Muna
Trog
Uskayaw
Vehumet
Wu Jian
Xom
Yredelemnul
Zin
The Shining One
Beogh
Jiyva
Lugonu

Annotations:
D 1 transporter


Innate Abilities, Weirdness & Mutations

Your experience applies equally to all skills.
You have very sharp teeth.
Your uncanny sense of smell can sniff out nearby items.
You are very weak. (Str -4)


Message History

The mummy priest is lost in a daze.
You block the guardian mummy's attack.
BOUMMMMG!
The greater mummy is lost in a daze.
The mummy priest calls on the powers of darkness!
The mana viper convulses!
The emperor scorpion convulses! x4
Your body is wracked with pain!
* * * LOW HITPOINT WARNING * * *
The mana viper convulses!
The phantasmal warrior blinks!
The mana viper bites you but does no damage.
Your ynoxinul hits the mana viper. You block the guardian mummy's attack.
GONNNNG!
You block the shadow's attack.
BOUMMMMG!
The greater mummy is lost in a daze.
You slash the guardian mummy!
You destroy the guardian mummy!
Makhleb accepts your kill.
You feel extremely nervous for a moment...
Pain shoots through your body!
You die...

∆∆∆∆∆
▓▓▓▓▓▓▓▓▓▓▓▓▓▓▓▓..|)[))|
......8©8......▓..)|))=)
..[}...§|.:))..▓........
..=)).ss[}[}...▓......).
......sS)s.|...▓.....)).
......MMMM.....▓.....)..
...W.M4MMMM....▓........
.....MZWWz.....▓..▓.....
....ZZ.@M......▓. ▓▓....
....W..WS......▓..▓.....
........43.....▓........
...▓.......▓...▓......©.
.. ▓▓.....▓▓ ..▓▓▓▓▓▓▓▓▓
...▓.......▓...▓.....8©8
...............▓.}.:"=:)
.......©.......▓..|.[|}|
▓▓▓▓▓▓▓▓▓▓▓▓▓▓▓▓........


You could see 5 greater mummies, 4 emperor scorpions, 3 mummy priests, an orange
demon (dazed), 4 phantasmal warriors, 2 mana vipers, 3 guardian mummies, an ice
devil, a spectral jackal, a shadow (invisible), a wight, 2 adder skeletons and a
friendly ynoxinul.

Vanquished Creatures
  A titan (D)
  A deep elf blademaster (D)
  A nagaraja (D)
  An azure jelly (D)
  4 storm dragons (D)
  3 deep elf sorcerers (D)
  An iron dragon (D)
  A ghost moth (D)
  3 reapers (D)
  2 stone giants (D)
  2 spark wasps (D)
  2 death oozes (D)
  A rakshasa (D)
  A deep elf high priest (D)
  3 spriggan air magi (D)
  An anaconda (D)
  2 naga warriors (D)
  2 death scarabs (D)
  2 dancing weapons (D)
  An iron golem (D)
  A deep elf knight (D)
  A skeletal warrior (D)
  An unseen horror (shapeshifter) (D)
  A deep elf archer (D)
  7 wolf spiders (D)
  2 orc sorcerers (D)
  A salamander (shapeshifter) (D)
  A shining eye (D)
  An ugly thing (D)
  3 guardian serpents (D)
  4 toenail golems (D)
  A rust devil (D)
  3 naga magi (D)
  2 gargoyles (D)
  A smoke demon (D)
  A rime drake (D)
  An eye of devastation (D)
  A freezing wraith (D)
  A demonic crawler (D)
  3 tormentors (D)
  A guardian mummy (D)
  2 ice devils (D)
  A hornet (shapeshifter) (D)
  A meliai (shapeshifter) (D)
  A red devil (D)
  4 jumping spiders (D)
  2 merfolk (D)
  A hornet (D)
  4 slime creatures (D)
  A hippogriff (D)
  A redback (D)
  2 air elementals (D)
  A flying skull (D)
  A shadow (D)
  5 tarantellas (D)
  An insubstantial wisp (D)
  A warg (D)
  A naga (D)
  6 water moccasins (D)
  A hell hound (D)
  A floating eye (D)
  An orc warrior (D)
  A necrophage (D)
  4 ogres (D)
  An earth elemental (D)
  A scorpion (D)
  A wight (D)
  3 quasits (D)
  2 jellies (D)
  4 iron imps (D)
  6 mummies (D)
  2 adders (D)
  A shadow imp (D)
  3 white imps (D)
  An ufetubus (D)
  3 oozes (D)
  3 adder zombies (D)
  A bat skeleton (D)
  4 bat zombies (D)
  2 ball pythons (D)
  A jackal skeleton (D)
  2 leopard gecko zombies (D)
  A quokka zombie (D)
159 creatures vanquished.

Vanquished Creatures (collateral kills)
  A deep elf master archer (D)
  A reaper (D)
  A spark wasp (D)
  A great orb of eyes (D)
  A naga warrior (D)
  A spriggan air mage (D)
  An iron golem (D)
  A cyclops (D)
  An orb spider (D)
  2 deep elf magi (D)
  A wolf spider (D)
  A shining eye (D)
  2 guardian serpents (D)
  A torpor snail (D)
  A rime drake (D)
  A polar bear (D)
  2 jumping spiders (D)
  4 merfolk (D)
  A hornet (D)
  A slime creature (D)
  A shadow (D)
  A warg (D)
  2 small abominations (D)
  An orc warrior (D)
  An ogre (D)
  A centaur (D)
  2 earth elementals (D)
  A scorpion (D)
  An orc wizard (D)
  3 oozes (D)
40 creatures vanquished.

Vanquished Creatures (others)
  A spriggan air mage (D)
  A guardian serpent (D)
  An insubstantial wisp (D)
  A water moccasin (D)
4 creatures vanquished.

Grand Total: 203 creatures vanquished

Notes
Turn   | Place    | Note
-------+----------+-------------------------------------------
     0 | D        | Found the +6 Majin-Bo {vamp, Archmagi MP+6 Int+6}
     0 | D        | Found the +7 great mace "Firestarter" {inner flame, rF++}
     0 | D        | nuthulu the Gnoll Fighter began the quest for the Orb.
     0 | D        | Reached XP level 1. HP: 23/23 MP: 1/1
     0 | D        | Found a deep blue altar of Sif Muna.
     0 | D        | Found a sacrificial altar of Ru.
     0 | D        | Found a bloodstained altar of Trog.
     0 | D        | Found a stormy altar of Qazlal.
     0 | D        | Found an iron altar of Okawaru.
     0 | D        | Found a sparkling altar of Nemelex Xobeh.
     0 | D        | Found a blossoming altar of Fedhas.
     2 | D        | Found a transporter.
     2 | D        | Found an ancient bone altar of Kikubaaqudgha.
     2 | D        | Found a viscous altar of Jiyva.
     2 | D        | Found a corrupted altar of Lugonu.
     2 | D        | Found a hazy altar of Hepliaklqana.
     2 | D        | Found a burning altar of Makhleb.
     2 | D        | Found an opulent altar of Gozag.
    20 | D        | Found the +9 heavy crossbow "Sniper" {velocity, Acc+∞ SInv}
    20 | D        | Found the +10 dark maul {crush}
    20 | D        | Found the +15 Maxwell's patent armour {-Cast -Tele rElec MR+ rCorr}
    20 | D        | Found the +18 shield of the Gong {rElec rN+ MR+ EV-5}
    20 | D        | Found the cursed +14 obsidian axe {chop, +Fly SInv *Curse}
    47 | D        | Found the +6 shillelagh "Devastator" {shatter}
    47 | D        | Found the +11 plutonium sword {*Contam Stlth-}
    47 | D        | Found the +8 lance "Wyrmbane" {slay drac, rPois rF+ rC+ AC+3}
    47 | D        | Found the +9 sword of Zonguldrok {reap}
    47 | D        | Found the cursed +13 scythe of Curses {drain, *Curse}
    47 | D        | Found the +0 sword of Power
    47 | D        | Found the +4 mace of Variability {chaos}
    47 | D        | Found the +7 Singing Sword
    47 | D        | Found the +7 longbow "Piercer" {penet, EV-2}
    57 | D        | Became a worshipper of Makhleb the Destroyer
    64 | D        | Reached skill level 5 in Axes
    64 | D        | Reached skill level 1 in Conjurations
    64 | D        | Reached skill level 1 in Hexes
    64 | D        | Reached skill level 1 in Charms
    64 | D        | Reached skill level 1 in Summonings
    64 | D        | Reached skill level 1 in Necromancy
    64 | D        | Reached skill level 1 in Translocations
    64 | D        | Reached skill level 1 in Transmutations
    64 | D        | Reached skill level 1 in Fire Magic
    64 | D        | Reached skill level 1 in Ice Magic
    64 | D        | Reached skill level 1 in Air Magic
    64 | D        | Reached skill level 1 in Earth Magic
    64 | D        | Reached skill level 1 in Poison Magic
    64 | D        | Reached XP level 2. HP: 31/31 MP: 1/5
    90 | D        | Entered arena 2.
    90 | D        | Found a transporter.
    92 | D        | Reached XP level 3. HP: 36/36 MP: 4/7
    94 | D        | Reached XP level 4. HP: 37/43 MP: 4/8
   131 | D        | Entered arena 3.
   131 | D        | Found a transporter.
   133 | D        | Reached * piety under Makhleb
   135 | D        | Reached ** piety under Makhleb
   141 | D        | Got the ring "Faly" {rF+ rC+}
   186 | D        | Entered arena 4.
   186 | D        | Noticed a necrophage
   186 | D        | Found a transporter.
   189 | D        | Killed a necrophage
   189 | D        | Reached XP level 5. HP: 49/49 MP: 9/11
   189 | D        | Reached *** piety under Makhleb
   272 | D        | Entered arena 5.
   272 | D        | Noticed a toenail golem
   272 | D        | Noticed a toenail golem
   272 | D        | Noticed a toenail golem
   272 | D        | Noticed a toenail golem
   272 | D        | Found a transporter.
   277 | D        | Killed a toenail golem
   277 | D        | Reached skill level 5 in Short Blades
   277 | D        | Reached skill level 5 in Long Blades
   277 | D        | Reached skill level 5 in Maces & Flails
   277 | D        | Reached skill level 5 in Polearms
   277 | D        | Reached skill level 5 in Staves
   277 | D        | Reached skill level 5 in Slings
   277 | D        | Reached skill level 5 in Bows
   277 | D        | Reached skill level 5 in Crossbows
   277 | D        | Reached skill level 5 in Throwing
   277 | D        | Reached skill level 5 in Dodging
   277 | D        | Reached skill level 5 in Stealth
   277 | D        | Reached skill level 5 in Unarmed Combat
   277 | D        | Reached skill level 5 in Spellcasting
   277 | D        | Reached skill level 5 in Invocations
   277 | D        | Reached skill level 5 in Evocations
   277 | D        | Reached XP level 6. HP: 57/57 MP: 11/13
   277 | D        | Reached XP level 7. HP: 63/63 MP: 11/14
   279 | D        | Killed a toenail golem
   279 | D        | Reached skill level 5 in Conjurations
   279 | D        | Reached skill level 5 in Hexes
   279 | D        | Reached skill level 5 in Charms
   279 | D        | Reached skill level 5 in Summonings
   279 | D        | Reached skill level 5 in Necromancy
   279 | D        | Reached skill level 5 in Translocations
   279 | D        | Reached skill level 5 in Transmutations
   279 | D        | Reached skill level 5 in Fire Magic
   279 | D        | Reached skill level 5 in Ice Magic
   279 | D        | Reached skill level 5 in Air Magic
   279 | D        | Reached skill level 5 in Earth Magic
   279 | D        | Reached skill level 5 in Poison Magic
   279 | D        | Reached XP level 8. HP: 71/71 MP: 12/17
   281 | D        | Killed a toenail golem
   288 | D        | Killed a toenail golem
   288 | D        | Reached **** piety under Makhleb
   397 | D        | Entered arena 6.
   397 | D        | Found a transporter.
   402 | D        | Reached ***** piety under Makhleb
   402 | D        | Reached XP level 9. HP: 78/78 MP: 19/19
   408 | D        | Entered arena 7.
   408 | D        | Noticed an unseen horror
   408 | D        | Noticed a hornet
   408 | D        | Noticed a red ugly thing
   408 | D        | Noticed a shining eye
   408 | D        | Noticed a salamander
   408 | D        | Noticed a meliai
   408 | D        | Gained mutation: You are weak. (Str -2) [a shining eye]
   409 | D        | Found a transporter.
   411 | D        | Killed a meliai
   414 | D        | Killed a salamander
   414 | D        | Reached skill level 10 in Fighting
   414 | D        | Reached skill level 10 in Armour
   414 | D        | Reached skill level 10 in Shields
   415 | D        | Killed an unseen horror
   418 | D        | Killed a red ugly thing
   419 | D        | Killed a shining eye
   419 | D        | Reached XP level 10. HP: 86/86 MP: 20/22
   427 | D        | Got the ring "Xanliskebb" {+Inv +Fly rC- MR++ Str+4}
   434 | D        | Entered arena 8.
   435 | D        | Found a transporter.
   441 | D        | Reached ****** piety under Makhleb
   443 | D        | Reached skill level 10 in Axes
   464 | D        | Got the ring "Fiddid" {rF+ Int+4}
   513 | D        | Entered arena 9.
   513 | D        | Noticed a rakshasa
   513 | D        | Noticed a smoke demon
   514 | D        | Found a transporter.
   518 | D        | Killed a smoke demon
   524 | D        | Killed a rakshasa
   524 | D        | Reached skill level 10 in Invocations
   530 | D        | Entered arena 10.
   531 | D        | Found a transporter.
   541 | D        | Reached XP level 11. HP: 93/93 MP: 24/24
   544 | D        | Got the amulet "Viqomo Likh" {Harm *Drain +Fly Int+3}
   556 | D        | Entered arena 11.
   556 | D        | Noticed a wolf spider
   556 | D        | Noticed a wolf spider
   557 | D        | Found a transporter.
   562 | D        | Killed a wolf spider
   565 | D        | Killed a wolf spider
   586 | D        | Entered arena 12.
   586 | D        | Noticed an iron dragon
   587 | D        | Noticed a stone giant
   587 | D        | Noticed a stone giant
   587 | D        | Noticed an iron golem
   587 | D        | Noticed an iron golem
   588 | D        | Found a transporter.
   592 | D        | Reached skill level 10 in Short Blades
   592 | D        | Reached skill level 10 in Long Blades
   592 | D        | Reached skill level 10 in Maces & Flails
   592 | D        | Reached skill level 10 in Polearms
   592 | D        | Reached skill level 10 in Staves
   592 | D        | Reached skill level 10 in Slings
   592 | D        | Reached skill level 10 in Bows
   592 | D        | Reached skill level 10 in Crossbows
   592 | D        | Reached skill level 10 in Throwing
   592 | D        | Reached skill level 10 in Dodging
   592 | D        | Reached skill level 10 in Stealth
   592 | D        | Reached skill level 10 in Unarmed Combat
   592 | D        | Reached skill level 10 in Spellcasting
   592 | D        | Reached skill level 10 in Evocations
   595 | D        | Killed an iron golem
   603 | D        | Killed an iron dragon
   604 | D        | Killed a stone giant
   607 | D        | Killed a stone giant
   615 | D        | Killed an iron golem
   642 | D        | Got the ring "Odakh" {rC+ MP+9 EV+3 Str+3}
   664 | D        | Entered arena 13.
   664 | D        | Noticed a nagaraja
   669 | D        | Reached XP level 12. HP: 103/103 MP: 26/26
   673 | D        | Killed a nagaraja
   685 | D        | Found a transporter.
   691 | D        | Got the ring "Lyfoylu" {+Fly rPois Str+3}
   706 | D        | Entered arena 14.
   707 | D        | Noticed a deep elf blademaster
   707 | D        | Noticed a deep elf knight
   707 | D        | Noticed a deep elf sorcerer
   708 | D        | Found the +5 pair of quick blades "Gyre" and "Gimble" {pierce, Dex-3}
   708 | D        | Noticed a deep elf master archer
   708 | D        | Noticed a deep elf high priest
   708 | D        | Noticed a deep elf sorcerer
   708 | D        | Noticed a deep elf sorcerer
   709 | D        | Found a transporter.
   719 | D        | Killed a deep elf sorcerer
   722 | D        | Killed a deep elf blademaster
   722 | D        | Reached skill level 10 in Conjurations
   722 | D        | Reached skill level 10 in Hexes
   722 | D        | Reached skill level 10 in Charms
   722 | D        | Reached skill level 10 in Summonings
   722 | D        | Reached skill level 10 in Necromancy
   722 | D        | Reached skill level 10 in Translocations
   722 | D        | Reached skill level 10 in Transmutations
   722 | D        | Reached skill level 10 in Fire Magic
   722 | D        | Reached skill level 10 in Ice Magic
   722 | D        | Reached skill level 10 in Air Magic
   722 | D        | Reached skill level 10 in Earth Magic
   722 | D        | Reached skill level 10 in Poison Magic
   723 | D        | Killed a deep elf sorcerer
   724 | D        | Killed a deep elf knight
   726 | D        | Killed a deep elf master archer
   726 | D        | Reached XP level 13. HP: 105/111 MP: 29/29
   728 | D        | Killed a deep elf sorcerer
   728 | D        | Killed a deep elf high priest
   749 | D        | Entered arena 15.
   752 | D        | Found a transporter.
   772 | D        | Got the amulet "Guush" {Reflect rF+ rC+ Slay+3 SH+2}
   778 | D        | Entered arena 16.
   779 | D        | Noticed a titan
   779 | D        | Noticed a storm dragon
   779 | D        | Noticed a storm dragon
   780 | D        | Noticed a storm dragon
   781 | D        | Noticed a storm dragon
   781 | D        | Found a transporter.
   785 | D        | Killed a storm dragon
   789 | D        | HP: 4/113 [storm dragon (8)]
   790 | D        | HP: 1/113 [storm dragon/bolt of lightning (13)]
   792 | D        | Killed a storm dragon
   793 | D        | Killed a storm dragon
   798 | D        | Killed a storm dragon
   799 | D        | Killed a titan
   804 | D        | Got the ring "Zuymmes" {+Fly rF+ rC+ Int-4}
   839 | D        | Entered arena 17.
   844 | D        | Found a transporter.
   855 | D        | Reached XP level 14. HP: 121/121 MP: 31/31
   873 | D        | Entered arena 18.
   876 | D        | Noticed a reaper
   876 | D        | Noticed a reaper
   876 | D        | Noticed a reaper
   877 | D        | Noticed a reaper
   878 | D        | Found a transporter.
   884 | D        | Killed a reaper
   889 | D        | Killed a reaper
   891 | D        | Reached skill level 15 in Fighting
   891 | D        | Reached skill level 15 in Armour
   891 | D        | Reached skill level 15 in Shields
   899 | D        | Reached skill level 15 in Invocations
   906 | D        | Killed a reaper
   909 | D        | Killed a reaper
  1154 | D        | Entered arena 19.
  1158 | D        | Noticed an azure jelly
  1159 | D        | Found a transporter.
  1168 | D        | Killed an azure jelly
  1171 | D        | Gained mutation: You are very weak. (Str -4) [a shining eye]
  1172 | D        | Reached skill level 15 in Bows
  1183 | D        | Got the cursed ring of Oqikew {*Contam rN+ Str+6 Dex-3}
  1191 | D        | Got the cursed ring of Coronation {Str-4 Dex+3}
  1198 | D        | Entered arena 20.
  1204 | D        | Noticed a ghost moth
  1205 | D        | Found a transporter.
  1210 | D        | HP: 6/123 [hornet (2)]
  1210 | D        | Reached skill level 15 in Axes
  1218 | D        | Reached skill level 15 in Long Blades
  1220 | D        | Killed a ghost moth
  1240 | D        | Got the +2 helmet of the Teacher {rElec Str+4 Dex+9 Stlth-}
  1252 | D        | Got the ring "Qusoatig" {rPois rF+ Str+6}
  1364 | D        | Entered arena 21.
  1368 | D        | Noticed a greater mummy
  1369 | D        | Noticed an emperor scorpion
  1370 | D        | Found the +4 dagger "Morg" {pain, MR+ Int+5}
  1370 | D        | Noticed a greater mummy
  1370 | D        | Noticed a greater mummy
  1370 | D        | Noticed a greater mummy
  1370 | D        | Noticed a greater mummy
  1372 | D        | Found a transporter.
  1377 | D        | HP: 1/125 [emperor scorpion[a greater mummy] (9)]
  1381 | D        | Noticed an emperor scorpion
  1381 | D        | Noticed an emperor scorpion
  1381 | D        | Noticed an emperor scorpion
  1381 | D        | Noticed an emperor scorpion
  1381 | D        | Killed by a guardian mummy's death curse

Skill      XL: |  1  2  3  4  5  6  7  8  9 10 11 12 13 14 |
---------------+-------------------------------------------+-----
Fighting       | 7 8 9 10 11 12 13 14 16 | 16.0
Short Blades   | 2 3 4 5 6 7 8 9 10 12 13 14 | 14.9
Long Blades    | 2 3 4 5 6 7 8 9 10 12 13 15 | 15.5
Axes           | 5 6 7 8 9 10 11 12 14 15 | 15.5
Maces & Flails | 2 3 4 5 6 7 8 9 10 12 13 14 | 14.9
Polearms       | 2 3 4 5 6 7 8 9 10 12 13 14 | 14.9
Staves         | 2 3 4 5 6 7 8 9 10 12 13 14 | 14.9
Slings         | 2 3 4 5 6 7 8 9 10 12 13 14 | 14.9
Bows           | 2 3 4 5 6 7 8 9 10 12 13 16 | 16.1
Crossbows      | 2 3 4 5 6 7 8 9 10 12 13 14 | 14.9
Throwing       | 2 3 4 5 6 7 8 9 10 12 13 14 | 14.9
Armour         | 7 8 9 10 11 12 13 14 16 | 16.0
Dodging        | 2 3 4 5 6 7 8 9 10 12 13 14 | 14.9
Stealth        | 2 3 4 5 6 7 8 9 10 12 13 14 | 14.9
Shields        | 7 8 9 10 11 12 13 14 16 | 16.0
Unarmed Combat | 2 3 4 5 6 7 8 9 10 12 13 14 | 14.9
Spellcasting   | 2 3 4 5 6 7 8 9 10 12 13 14 | 14.9
Conjurations   | 1 2 3 4 5 6 7 9 10 11 12 | 12.9
Hexes          | 1 2 3 4 5 6 7 9 10 11 12 | 12.9
Charms         | 1 2 3 4 5 6 7 9 10 11 12 | 12.9
Summonings     | 1 2 3 4 5 6 7 9 10 11 12 | 12.9
Necromancy     | 1 2 3 4 5 6 7 9 10 11 12 | 12.9
Translocations | 1 2 3 4 5 6 7 9 10 11 12 | 12.9
Transmutations | 1 2 3 4 5 6 7 9 10 11 12 | 12.9
Fire Magic     | 1 2 3 4 5 6 7 9 10 11 12 | 12.9
Ice Magic      | 1 2 3 4 5 6 7 9 10 11 12 | 12.9
Air Magic      | 1 2 3 4 5 6 7 9 10 11 12 | 12.9
Earth Magic    | 1 2 3 4 5 6 7 9 10 11 12 | 12.9
Poison Magic   | 1 2 3 4 5 6 7 9 10 11 12 | 12.9
Invocations    | 2 3 4 5 6 7 9 10 11 13 14 16 | 16.1
Evocations     | 2 3 4 5 6 7 8 9 10 12 13 14 | 14.9

Action                   |  1- 3 |  4- 6 |  7- 9 | 10-12 | 13-15 || total
-------------------------+-------+-------+-------+-------+-------++-------
Melee: Broad axe         |     3 |     8 |    25 |    75 |   121 ||   232
       Bite              |       |     1 |     5 |    13 |    19 ||    38
Invok: Greater Servant o |       |       |       |     1 |       ||     1
  Use: Potion            |     1 |       |       |     3 |     3 ||     7
       Scroll            |       |       |       |     1 |     1 ||     2
 Stab: Distracted        |       |       |       |     3 |     7 ||    10
       Invisible         |       |       |       |     4 |       ||     4
  Eat: Ration            |       |       |       |       |     1 ||     1
Armor: Plate armour      |       |     3 |    14 |    90 |   107 ||   214
Dodge: Dodged            |       |     2 |     6 |    46 |   109 ||   163
Block: Shield            |     1 |    13 |    37 |   190 |   315 ||   556
       Reflection        |       |       |       |       |     4 ||     4
